 Dungeon Crawl Stone Soup version 0.19-a0-139-gefc6d61 (webtiles) character file.

8570 Zhenya25pyc the Basher (level 11, -14/69 HPs)
             Began as a Gargoyle Fighter on May 17, 2016.
             Was a High Priest of Okawaru.
             Demolished by a red ugly thing (17 damage)
             ... on level 10 of the Dungeon.
             The game lasted 00:16:21 (8774 turns).

Zhenya25pyc the Basher (Gargoyle Fighter)           Turns: 8774, Time: 00:16:29

Health: -14/69     AC: 27    Str: 29    XL:     11   Next: 32%
Magic:  0/15       EV:  9    Int: 13    God:    Okawaru [*****.]
Gold:   659        SH: 19    Dex:  9    Spells: 0 memorised, 10 levels left

rFire  . . .     SeeInvis .     L - +3 morningstar (curse)
rCold  + . .     Gourm    .     G - +2 chain mail {rC+}
rNeg   + . .     Faith    .     p - +0 large shield
rPois  ∞         Spirit   +     l - +0 helmet (curse)
rElec  +         Dismiss  .     (no cloak)
rCorr  .         Reflect  .     P - +0 pair of gloves
SustAt .         Harm     .     B - +0 pair of boots
MR     .....                    c - amulet of guardian spirit
Stlth  ..........               K - +5 ring of strength
                                v - ring of flight

@: brilliant, heroism, not resistant to hostile enchantments, extremely
unstealthy
A: negative energy resistance 1, electricity resistance, unbreathing,
petrification resistance, rot immunity, AC +7
a: Heroism, Finesse, Renounce Religion, Evoke Flight


You were on level 10 of the Dungeon.
You worshipped Okawaru.
Okawaru was extremely pleased with you.
You were hungry.

You visited 2 branches of the dungeon, and saw 12 of its levels.

You collected 659 gold pieces.

Inventory:

Hand Weapons
 L - a cursed +3 morningstar (weapon)
Armour
 l - a cursed +0 helmet (worn)
 p - a +0 large shield (worn)
 w - a +0 helmet
 B - a +0 pair of boots (worn)
 G - a +2 chain mail of cold resistance (worn)
 P - a +0 pair of gloves (worn)
Jewellery
 c - an amulet of guardian spirit (around neck)
 v - a ring of flight (left hand)
 K - a +5 ring of strength (right hand)
 O - an uncursed amulet of rage
Wands
 N - a wand of disintegration (9/24)
 Q - a wand of acid (7/15)
Scrolls
 a - a scroll of recharging {unknown}
 b - 2 scrolls of noise {unknown}
 e - 2 scrolls of random uselessness {unknown}
 i - 7 scrolls of teleportation {unknown}
 j - 2 scrolls of blinking {unknown}
 k - 9 scrolls of fear {unknown}
 n - 10 scrolls of identify {unknown}
 r - 9 scrolls of remove curse {unknown}
 y - 2 scrolls of amnesia {unknown}
 z - 4 scrolls of enchant armour {unknown}
 A - a scroll of immolation {unknown}
 D - a scroll of magic mapping {unknown}
Potions
 d - 2 potions of might
 h - 4 potions of brilliance
 m - a potion of berserk rage {unknown}
 q - a potion of degeneration {unknown}
 s - 3 potions of curing {unknown}
 u - a potion of agility {unknown}
 C - a potion of mutation {unknown}
 E - a potion of lignification {unknown}
 F - a potion of ambrosia {unknown}
 H - 3 potions of magic {unknown}
 I - a potion of flight {unknown}
 J - a potion of heal wounds {unknown}
Comestibles
 f - 9 bread rations
 g - 2 royal jellies
 o - 4 fruits
 t - 10 slices of pizza
 x - 4 beef jerkies
 M - 5 meat rations
 R - 2 chunks of flesh


   Skills:
 + Level 8.9(13.9) Fighting
 * Level 10.7(15.7) Maces & Flails
 * Level 9.5(14.5) Armour
 + Level 2.6(7.6) Dodging
 - Level 6.0(11.0) Shields
 + Level 6.0 Invocations


You had 10 spell levels left.
You didn't know any spells.

Dungeon Overview and Level Annotations

Branches:
Dungeon (11/15)            Temple (1/1) D:5            Lair (0/8) D:9
    Orc (0/2) D:9

Altars:
Ashenzari
Cheibriados
Dithmenos
Elyvilon
Fedhas
Gozag
Kikubaaqudgha
Makhleb
Nemelex Xobeh
Okawaru
Pakellas
Qazlal
Ru
Sif Muna
Trog
Vehumet
Xom
Yredelemnul
Zin
The Shining One

Shops:
D:6 :

Annotations:
D:7 1 runed door


Innate Abilities, Weirdness & Mutations

You are resistant to torment.
Your stone body is resilient (AC +7).
You are immune to poison.
You resist negative energy.
You are resistant to electric shocks.
You can survive without breathing.
You are immune to petrification.
You are immune to rotting.


Message History

You climb upwards.
There is a stone staircase leading down, spattered with blood here.
You see here 2 tomahawks.
Your shield and chain mail prevent you from hitting the red ugly thing.
The red ugly thing is moderately wounded.
You block the red ugly thing's attack. The cyclops hits you.
You sock the red ugly thing!
The red ugly thing is heavily wounded.
The red ugly thing barely misses you. The cyclops hits you!
* * * LOW HITPOINT WARNING * * *
You gain the combat prowess of a mighty hero.
You feel slightly more hungry. You block the red ugly thing's attack.
Drink which item? (? for menu, Esc to quit)
It was a potion of brilliance.
You feel clever all of a sudden.
The cyclops hits you but does no damage.
The red ugly thing punches you!
* * * LOW HITPOINT WARNING * * *
You are engulfed in flames!
You die...

#:.......[###.#
#####.###########.#
#.....#.........#.####
#.#####(#######.#..... #.#
#.#.<...#.#####. ####.#
#.#.###.#....... ##....# #.#.#
#.########
########...#.#####.#.# #....#
...............C@#.#.# #.##.#
###.####...#####u#.#.######.##
#.# ###.######.#........#..#
#.# #........#.####.#....#.#
#.# #........#.............#
#.# #............##.#..#.###
#.# #.........<.....#....# #.#
#............†###.#### #.#
########..........#


You could see a red ugly thing and a cyclops.

Vanquished Creatures
  A hill giant (D:9)
  An ugly thing (D:11)
  2 trolls
  A two-headed ogre (D:9)
  A human (D:7)
  6 yaks (D:10)
  2 wyverns
  2 hippogriffs
  Menkaure (D:7)
  3 water moccasins
  A black bear (D:7)
  4 ice beasts
  4 orc warriors
  A phantom (D:8)
  A sky beast (D:9)
  2 wasps
  A necrophage (D:9)
  5 ogres
  6 centaurs
  A big kobold (D:5)
  4 giant frogs
  A wyvern zombie (D:8)
  A water moccasin zombie (D:9)
  A scorpion (D:5)
  7 wights
  2 electric eels
  A howler monkey (D:11)
  4 crimson imps
  A giant frog zombie (D:6)
  9 hounds
  A jelly (D:8)
  A wasp zombie (D:8)
  13 orc wizards
  2 centaur zombies
  An orc priest (D:5)
  2 centaur skeletons
  Jessica (D:3)
  2 giant frog skeletons
  Terence (D:2)
  3 iguanas
  13 worker ants
  2 killer bee zombies
  4 sheep (D:7)
  A hound zombie (D:8)
  A hound skeleton (D:6)
  2 worker ant zombies
  A howler monkey zombie (D:6)
  11 gnolls
  A howler monkey skeleton (D:8)
  8 adders
  2 shadow imps (D:5)
  An ooze (D:1)
  An adder zombie (D:6)
  2 worms (D:3)
  A dart slug (D:3)
  3 giant geckos
  50 orcs
  6 bats
  10 giant cockroaches
  9 goblins
  4 hobgoblins
  4 jackals
  15 kobolds
  6 quokkas
  5 giant newts
  4 rats
271 creatures vanquished.

Notes
Turn   | Place    | Note
--------------------------------------------------------------
     0 | D:1      | Zhenya25pyc the Gargoyle Fighter began the quest for the Orb.
     0 | D:1      | Reached XP level 1. HP: 14/14 MP: 1/1
   168 | D:1      | Reached XP level 2. HP: 16/19 MP: 2/2
   659 | D:1      | Reached XP level 3. HP: 23/23 MP: 3/3
  1120 | D:2      | Noticed Terence
  1140 | D:2      | Killed Terence
  1272 | D:2      | Reached XP level 4. HP: 29/29 MP: 4/4
  1384 | D:2      | Reached skill level 3 in Maces & Flails
  1611 | D:2      | Found a basalt altar of Yredelemnul.
  2037 | D:3      | Noticed Jessica
  2075 | D:3      | Killed Jessica
  2307 | D:3      | Reached XP level 5. HP: 33/33 MP: 5/5
  2495 | D:3      | Found an ancient bone altar of Kikubaaqudgha.
  2735 | D:4      | Found a radiant altar of Vehumet.
  2735 | D:4      | Found a stormy altar of Qazlal.
  2982 | D:4      | Noticed an ogre
  2997 | D:4      | Killed an ogre
  2997 | D:4      | Reached skill level 4 in Maces & Flails
  2997 | D:4      | Reached XP level 6. HP: 16/39 MP: 2/6
  3546 | D:5      | Entered Level 5 of the Dungeon
  3569 | D:5      | Reached skill level 5 in Armour
  3587 | D:5      | Reached XP level 7. HP: 35/44 MP: 7/7
  3706 | D:5      | Found a staircase to the Ecumenical Temple.
  3728 | D:5      | Reached skill level 5 in Maces & Flails
  3733 | Temple   | Entered the Ecumenical Temple
  3795 | Temple   | Became a worshipper of Warmaster Okawaru
  3896 | D:5      | Reached skill level 5 in Fighting
  3896 | D:5      | Reached skill level 5 in Shields
  4221 | D:5      | Reached * piety under Okawaru
  4221 | D:5      | Reached XP level 8. HP: 45/49 MP: 8/8
  4251 | D:5      | Reached skill level 6 in Maces & Flails
  4741 | D:6      | Reached ** piety under Okawaru
  4741 | D:6      | Reached skill level 7 in Maces & Flails
  4871 | D:6      | Reached XP level 9. HP: 50/55 MP: 6/9
  4902 | D:6      | Reached skill level 1 in Invocations
  5521 | D:6      | Found Fafesch's Book Emporium.
  5591 | D:7      | Reached skill level 8 in Maces & Flails
  5886 | D:7      | Reached *** piety under Okawaru
  6064 | D:7      | Noticed Menkaure
  6069 | D:7      | Killed Menkaure
  6186 | D:7      | Reached skill level 9 in Maces & Flails
  6188 | D:7      | Found a runed door.
  6226 | D:7      | Found a runed door.
  6279 | D:7      | Reached XP level 10. HP: 53/63 MP: 11/13
  6508 | D:8      | Reached **** piety under Okawaru
  6705 | D:8      | Found a shadowy altar of Dithmenos.
  6837 | D:8      | Found a sparkling altar of Nemelex Xobeh.
  7007 | D:9      | Found a staircase to the Lair.
  7018 | D:9      | Found a staircase to the Orcish Mines.
  7113 | D:9      | Noticed a hill giant
  7122 | D:9      | Killed a hill giant
  7122 | D:9      | Received a gift from Okawaru
  7122 | D:9      | Reached skill level 5 in Invocations
  7129 | D:9      | Reached skill level 1 in Dodging
  7315 | D:9      | Got a shimmering dagger
  7349 | D:9      | Reached skill level 10 in Maces & Flails
  7688 | D:9      | Found a snail-covered altar of Cheibriados.
  7737 | D:10     | Entered Level 10 of the Dungeon
  8017 | D:10     | Reached XP level 11. HP: 69/69 MP: 15/15
  8061 | D:10     | Reached ***** piety under Okawaru
  8333 | D:11     | Noticed a cyclops
  8743 | D:11     | Noticed a green ugly thing
  8759 | D:11     | Noticed a brown ugly thing
  8766 | D:11     | Killed a brown ugly thing
  8774 | D:10     | HP: 3/69 [red ugly thing (8)]
  8774 | D:10     | Demolished by a red ugly thing

Vault maps used:
D:1:      lemuel_arrival_cross, serial_co_window_serial, co_window_paths_a,
          co_window_paths_a, co_window_of_opportunity_a, co_window_paths_a,
          co_window_of_opportunity_a, co_window_corner_a, co_window_paths_b,
          co_window_paths_a, co_window_cross_1, co_window_corner_b,
          co_window_of_opportunity_b, co_window_broadway_b, co_window_corner_b,
          co_window_unsneaky_path_e, co_window_corner_cb, glass_columns_b,
          glass_columns_b, minmay_tree_intersection
D:2:      yredelemnul_altar_generic, grunt_decor_resistance, uniq_terence
D:3:      lemuel_round_altar, minmay_misc_feat_diagonals, uniq_jessica
D:4:      wad_river_or_something, amethyst_overflow_temple_binary, first_bread
D:5:      minmay_temple_entry_large_hall, guppyfry_early_orc_mine
D:6:      serial_shops, kennysheep_mini, eino_curves_04
D:7:      lemuel_insect_pit, grunt_livestock, uniq_menkaure
D:8:      nemelex_altar_shiori, nicolae_dithmenos_the_darkroom
D:9:      lemuel_coloured_pillars_altar, dpeg_oklobed_lair
D:11:     nicolae_qazlal_style_of_elements
Temple:   nicolae_temple_god_jail

Skill      XL: |  1  2  3  4  5  6  7  8  9 10 11 |
---------------+----------------------------------+-----
Maces & Flails | 3 4 5 7 9 10 | 10.7
Fighting       | 4 5 6 7 8 |  8.9
Armour         | 4 5 6 7 9 |  9.5
Shields        | 4 5 6 |  6.0
Invocations    | 4 5 6 |  6.0
Dodging        | 2 |  2.6

Action                   |  1- 3 |  4- 6 |  7- 9 | 10-12 || total
-------------------------+-------+-------+-------+-------++-------
Melee: Flail             |   124 |   257 |   516 |       ||   897
       Morningstar       |       |       |    49 |   423 ||   472
Invok: Heroism           |       |       |       |     3 ||     3
  Use: Potion            |       |       |       |     1 ||     1
 Stab: Distracted        |       |     1 |       |       ||     1
  Eat: Chunk             |     1 |     7 |    11 |     9 ||    28
Armor: Scale mail        |    86 |    10 |       |       ||    96
       Plate armour      |       |   124 |    71 |       ||   195
       Chain mail        |       |       |   259 |   244 ||   503
Dodge: Dodged            |    38 |    23 |    76 |    65 ||   202
Block: Shield            |    53 |       |       |       ||    53
       Large shield      |    34 |   207 |   534 |   381 ||  1156
